 Dungeon Crawl Stone Soup version 0.17-a0-121-gf94917f (webtiles) character file.

24213 Pikaro the Severer (level 12, -3/108 HPs)
             Began as a Yellow Draconian Chaos Knight on Mar 22, 2015.
             Killed from afar by an orc sorcerer (25 damage)
             ... with a bolt of negative energy
             ... led by an orc warlord
             ... on level 4 of the Orcish Mines.
             The game lasted 00:56:50 (17815 turns).

Pikaro the Severer (Yellow Draconian Chaos Knight) Turns: 17815, Time: 00:56:53

Health: -3/108     AC: 18    Str: 23    XL:     12   Next: 78%
Magic:  0/12       EV: 22    Int: 23    God:    Xom [....*.]
Gold:   1277       SH:  0    Dex: 16    Spells: 0 memorised, 11 levels left

rFire  . . .     SeeInvis .     y - +8 war axe of the Foot {speed, rElec rF- Int+10 Dex-3}
rCold  . . .     Clarity  +     (armour unavailable)
rNeg   . . .     SustAb   .     (no shield)
rPois  .         Gourm    .     f - +2 hat {Spirit}
rElec  +         Spirit   +     K - +0 cloak {MR+}
rCorr  +         Warding  .     W - +0 pair of gloves
rMut   .         Stasis   .     i - +0 pair of boots
MR     +....                    (no amulet)
Stlth  +++.......               M - +5 ring of protection
                                w - ring of protection from fire {rF+, !d}

@: mighty, agile, very slightly contaminated, drained, somewhat resistant to
hostile enchantments, fairly stealthy
A: spit acid, acid resistance, unfitting armour, antennae 1, hooves 1, stinger
1, agile 1, clarity, deformed body, cold-blooded, AC +8
a: Spit Acid, Renounce Religion


You were on level 4 of the Orcish Mines.
You worshipped Xom.
You were a beloved toy of Xom.
You were not hungry.

You visited 2 branches of the dungeon, and saw 15 of its levels.
You also visited: Ossuary.

You collected 1434 gold pieces.
You spent 157 gold pieces at shops.

Inventory:

Hand weapons
 a - a +0 hand axe of chaos
 y - the +8 war axe of the Foot (weapon) {speed, rElec rF- Int+10 Dex-3}
   (You found it on level 5 of the Dungeon)

   Attacks with this weapon are significantly faster.
   It affects your intelligence (+10).
   It affects your dexterity (-3).
   It makes you vulnerable to fire.
   It insulates you from electricity.
 N - a +1 battleaxe of electrocution
   (You found it on level 8 of the Dungeon)
 R - the cursed +5 demon blade of the Penguin {vamp, rC- Str-3 Dex+4 Stlth+}
   (You found it on level 1 of the Orcish Mines)

   It inflicts no extra harm, but heals its wielder somewhat when it strikes a
   living foe.
   It affects your strength (-3).
   It affects your dexterity (+4).
   It makes you vulnerable to cold.
   It makes you more stealthy.
   It has a curse placed upon it.
Armour
 f - a +2 hat of spirit shield (worn)
   (You took it off Gastronok on level 1 of the Orcish Mines)
 i - a +0 pair of boots (worn)
   (You found it on level 1 of the Dungeon)
 K - a +0 cloak of magic resistance (worn)
   (Xom gifted it to you on level 6 of the Dungeon)
 W - a +0 pair of gloves (worn)
   (You found it on level 9 of the Dungeon)
Magical staves
 z - an uncursed staff of air {rElec}
   (You found it on level 5 of the Dungeon)
Jewellery
 w - a ring of protection from fire (left hand) {rF+, !d}
   (You found it on level 4 of the Dungeon)
 C - an uncursed amulet of stasis {Stasis, !d}
   (You found it on level 11 of the Dungeon)
 M - a +5 ring of protection (right hand)
   (You took it off an orc warrior on level 7 of the Dungeon)
Magical devices
 m - a wand of invisibility (2)
   (You bought it in a shop on level 2 of the Orcish Mines)
 q - a wand of disintegration (12)
   (You found it on level 3 of the Dungeon)
 G - a wand of lightning (0)
   (You took it off Nessos on level 3 of the Orcish Mines)
 O - a wand of draining (7)
   (You found it on level 11 of the Dungeon)
 U - a wand of hasting (2)
   (You found it on level 10 of the Dungeon)
Scrolls
 b - 4 scrolls of identify
 d - 3 scrolls of fear
 j - 2 scrolls of blinking {!r}
 l - a scroll of brand weapon
 n - a scroll of holy word {unknown}
 o - a scroll of immolation {!r}
 A - a scroll of fog
 D - a scroll of summoning {unknown}
 F - 6 scrolls of remove curse
 H - 4 scrolls of enchant armour
 I - a scroll of enchant weapon {unknown}
 P - a scroll of recharging
 S - a scroll of amnesia
 X - a scroll of magic mapping {!r}
Potions
 e - a potion of magic
 g - 4 potions of curing
 k - 2 potions of haste
 p - a potion of cancellation
 r - a potion of lignification {!q}
 s - a potion of agility
 u - a potion of restore abilities
 v - a potion of might
 B - 2 potions of cure mutation {!q}
 J - 3 potions of heal wounds
 V - a potion of brilliance
Books
 Q - a Fen Folio
   (You found it on level 8 of the Dungeon)
 Z - a book of Dreams
   (You found it on level 10 of the Dungeon)
Miscellaneous
 T - a lantern of shadows
   (You found it on level 9 of the Dungeon)
 Y - a disc of storms
   (You found it on level 10 of the Dungeon)
Comestibles
 c - 9 bread rations
 t - 5 meat rations
 x - 5 royal jellies
 E - 2 beef jerkies
 L - 7 fruits


   Skills:
 - Level 10.7(9.9) Fighting
 + Level 16.5(15.7) Axes
 - Level 9.0(8.3) Dodging


You had 11 spell levels left.
You didn't know any spells.

Dungeon Overview and Level Annotations

Branches:
Dungeon (11/15)            Temple (0/1) D:7            Lair (0/8) D:10
    Orc (4/4) D:11
    Elf: Orc:3-4

Altars:
Dithmenos
Elyvilon
Fedhas
Gozag
Makhleb
Ru
Trog
Vehumet
Xom
Yredelemnul
Beogh

Shops:
Orc:2 *   Orc:4 (?*:

Annotations:
D:5 Grim's ghost, experienced DsMo


Innate Abilities, Weirdness & Mutations

You can spit globs of acid.
You can corrode armour when you spit acid.
You are resistant to acid.
Your golden yellow scales are hard (AC +8).
Your body does not fit into most forms of armour.
Your cold-blooded metabolism reacts poorly to cold.
You have a pair of small antennae on your head.
You have large cloven feet.
Your tail ends in a poisonous barb.
You are agile. (Dex +2)
You possess an exceptional clarity of mind.
Your body is misshapen.


Message History

You take 13 damage, and have 95/108 hp.
You now have 11/12 mp.
Drink which item? (? for menu, Esc to quit)
You feel agile all of a sudden.
The orc sorcerer mumbles some strange words.
The orc warlord roars a battlecry!
The orc misses your flail. The orc warrior barely misses you.
You hear a shout! x4 2 orcs come into view.
Drink which item? (? for menu, Esc to quit)
You feel very mighty all of a sudden.
Your flail hits the orc warrior but does no damage.
The orc sorcerer throws its arms wide while chanting.
The dead are walking!
The orange demon closely misses you.
The orange demon hits you but does no damage.
An orc and a zombie come into view.
You slice the orc warlord!!! You slash the orange demon!!
You hear a shout! x2
The orc misses your flail. The orc warrior closely misses you.
An orc priest comes into view. It is wielding a flail of crushing.
You hit the orc warlord. You slice the ogre!!!
You kill the ogre!
You slash the orange demon!
Your flail barely misses the orc warrior.
The orc sorcerer casts a spell.
The orc warlord hits you with a battleaxe of electrocution.
The orc warlord hits your flail with a battleaxe of electrocution.
An orc comes into view. It is wielding a club.
You take 3 damage, and have 92/108 hp.
You slash the orc warlord!! You barely miss the orange demon.
The red devil barely misses you. The orange demon barely misses you.
The orange demon barely misses you. The orc closely misses your flail.
The orc barely misses your flail.
You closely miss the orc warlord. You barely miss the orange demon.
Your flail hits the orc warlord!
The orc warrior hits you but does no damage.
The orc warrior barely misses you.
You slash the orc warlord!! You slash the orange demon!!
You kill the orange demon!
The red devil closely misses you.
The orc warlord hits you with a battleaxe of electrocution!
The orc warlord barely misses your flail.
The orc warrior hits your flail with a dire flail!
An orc high priest comes into view. It is wielding a flail of protection.
You take 15 damage, and have 78/108 hp.
You now have 9/12 mp.
You slice the orc warlord!!!
You kill the orc warlord!
The orc wizard mumbles some strange words.
The orc wizard seems to speed up.
The orc completely misses your flail. The orc warrior completely misses you.
The orc sorcerer mumbles some strange words.
A battleaxe of electrocution.
There is something else lying underneath.
The floor, spattered with blood.
You barely miss the orc. You slash the orc zombie!!
You destroy the orc zombie!
You slice the orc!!!
You kill the orc!
The orc priest glows brightly for a moment.
The orc warrior hits you from afar with a glaive!
You take 7 damage, and have 71/108 hp.
You now have 8/12 mp.
You slash the orc!!
You kill the orc!
The red devil hits you but does no damage.
Your flail hits the red devil! You hit the orc warrior!
The blue devil swoops through the air toward you!
The blue devil hits you!!
You take 18 damage, and have 53/108 hp.
You now have 5/12 mp.
You hit the orc warrior but do no damage.
Your tail-slap misses the orc warrior.
You slash the blue devil!! The orc warrior closely misses you.
Your flail hits the red devil!!
The orc warrior hits you from afar with a glaive!!
The red devil barely misses you.
An orc wizard comes into view. It is wielding a dagger.
You take 19 damage, and have 34/108 hp.
You now have 4/12 mp.
You slash the orc knight!! You tail-slap the orc knight.
The orc knight is poisoned.
You hit the blue devil. You slash the orc!
You kill the orc!
The blue devil hits you.
* * * LOW HITPOINT WARNING * * *
The orc high priest mumbles some strange prayers to Beogh against you.
Something smites you!
* * * LOW HITPOINT WARNING * * *
You take 15 damage, and have 19/108 hp.
You now have 3/12 mp.
Read which item? (? for menu, Esc to quit)
Really read
j - 3 scrolls of blinking {!r}?
Blink to where?
You are very lightly contaminated with residual magic.
As you read the scroll of blinking {!r}, it crumbles to dust.
You are feeling hungry. "Forecast: mostly cloudy."
Eating a chunk of flesh.
You continue eating. x2
The blue devil disappears in a puff of smoke!
An orc priest comes into view. It is wielding a dagger of venom.
The orc sorcerer gestures at you while chanting.
The bolt of negative energy hits you!
You feel drained.
You die...
Xom howls with laughter!

..#.......#. ...........##
............# .# ............##
### ..# ............o####.##.##
..............##......###
.)....#.#...............#
....[..).................#
......)[.....#..@.......# .
............#...#.......#..
...#...#.....#.##..........#
........#...### #.§o§......#
.......###.## #.§§§.###.##
........##### #.o§§..#...## ##
.......#..#.######........#.###.#
.............#.#)............#..#
..............).).....4.........#


You could see an orc sorcerer, an orc warrior and an orc priest (wandering).

Vanquished Creatures
  An orc warlord (Orc:4)
  Gastronok (Orc:1)
  Josephine (D:9)
  Nessos (Orc:3)
  4 orc high priests (Orc:4)
  An unseen horror (D:10)
  4 hill giants
  A wizard (D:10)
  2 orc knights
  An ugly thing (D:11)
  An orc sorcerer (Orc:3)
  An elephant (D:10)
  Joseph (D:7)
  An orange demon (Orc:4)
  A gargoyle (D:11)
  A kobold demonologist (D:11)
  A red devil (Orc:4)
  2 trolls
  Prince Ribbit (Orc:1)
  2 deep elf magi (D:10)
  Eustachio (D:4)
  3 wraiths
  Grum (D:9)
  3 hippogriffs
  6 yaks (D:10)
  A warg (Orc:3)
  3 wolves (D:9)
  A water moccasin (D:9)
  2 necrophages
  28 orc warriors
  A phantom (D:8)
  3 sky beasts
  3 ice beasts
  A boggart (Orc:1)
  5 centaurs
  8 ogres
  3 crocodiles
  3 elf zombies (Ossuary)
  2 big kobolds
  Blork the orc (Orc:1)
  4 giant frogs
  A water moccasin zombie (D:7)
  4 wights (D:8)
  A wyvern skeleton (D:11)
  7 killer bees
  3 scorpions
  4 spriggan skeletons (D:11)
  A troll skeleton (D:11)
  2 wolf zombies (D:9)
  3 goliath beetles
  4 crimson imps
  6 hounds
  2 quasits
  A giant frog zombie (D:11)
  4 jellies
  Crazy Yiuf (D:2)
  3 centaur zombies (Ossuary)
  22 orc priests
  2 iguanas (D:6)
  6 human zombies (Ossuary)
  21 orc wizards
  An iron imp (Orc:4)
  8 worker ants
  Terence (D:2)
  2 mummies (Ossuary)
  A worker ant zombie (D:5)
  14 adders
  6 giant mites
  4 shadow imps
  A giant mite (shapeshifter) (D:7)
  5 white imps
  3 worms
  3 ufetubi
  An adder skeleton (D:10)
  6 giant geckos
  An ooze (D:2)
  134 orcs
  24 bats
  2 bat zombies
  8 giant cockroaches
  18 goblins
  25 hobgoblins
  3 ball pythons
  A giant gecko skeleton (D:5)
  A giant gecko zombie (D:6)
  20 giant newts
  4 jackals (D:8)
  22 kobolds
  An orc zombie (Orc:4)
  6 quokkas
  9 rats
  A plant (D:10)
546 creatures vanquished.

Vanquished Creatures (collateral kills)
  An unseen horror (D:11)
  A red devil (Orc:4)
  2 orc warriors
  A wight (D:8)
  A goliath beetle (D:10)
  A crimson imp (D:10)
  A human zombie (Ossuary)
  2 orc priests
  A mummy (Ossuary)
  2 orcs (Orc:4)
13 creatures vanquished.

Vanquished Creatures (others)
  2 dancing weapons (Orc:4)
  A wraith (D:10)
  A crimson imp (D:10)
  A quasit (D:10)
  A shadow imp (D:10)
  2 white imps (D:10)
  An ufetubus (Orc:4)
9 creatures vanquished.

Grand Total: 568 creatures vanquished

Notes
Turn   | Place    | Note
--------------------------------------------------------------
     0 | D:1      | Pikaro, the Draconian Chaos Knight, began the quest for the Orb.
     0 | D:1      | Reached XP level 1. HP: 19/19 MP: 1/1
   115 | D:1      | XOM: potion effect (haste)
   118 | D:1      | Reached XP level 2. HP: 16/26 MP: 2/2
   326 | D:1      | Reached skill level 4 in Axes
   361 | D:1      | XOM: harmless Ice miscast
   425 | D:1      | XOM: silly message
   490 | D:1      | XOM: summons 4 hostile shadow creatures
   544 | D:1      | XOM: harmless Hex miscast
   601 | D:1      | Reached XP level 3. HP: 31/31 MP: 3/3
  1084 | D:2      | Noticed Terence
  1092 | D:2      | Killed Terence
  1251 | D:2      | Reached skill level 5 in Axes
  1251 | D:2      | Reached XP level 4. HP: 33/38 MP: 4/4
  1401 | D:2      | Noticed Crazy Yiuf
  1402 | D:2      | XOM: summons 2 hostile demons
  1409 | D:2      | HP: 8/38 [ufetubus[Xom] (2)]
  1410 | D:2      | Killed Crazy Yiuf
  1684 | D:2      | Found a bloodstained altar of Trog.
  1932 | D:3      | Reached XP level 5. HP: 45/45 MP: 5/5
  2046 | D:3      | XOM: 1-stop teleportation journey
  2064 | D:3      | Reached skill level 6 in Axes
  2467 | D:3      | Found an opulent altar of Gozag.
  2503 | D:3      | Found a blossoming altar of Fedhas.
  2781 | D:4      | XOM: give mutation
  2781 | D:4      | Gained mutation: You possess an exceptional clarity of mind. [Xom's grace]
  2963 | D:4      | Reached XP level 6. HP: 51/51 MP: 6/6
  3033 | D:4      | Noticed Eustachio
  3057 | D:4      | Killed Eustachio
  3057 | D:4      | Reached skill level 7 in Axes
  3268 | D:4      | XOM: give mutations
  3268 | D:4      | Gained mutation: You have large cloven feet. [Xom's grace]
  3268 | D:4      | Gained mutation: Your tail ends in a poisonous barb. [Xom's grace]
  3351 | D:4      | XOM: vitrification
  3862 | D:4      | Noticed an ogre
  3875 | D:4      | Killed an ogre
  3875 | D:4      | Reached skill level 8 in Axes
  3902 | D:4      | XOM: harmless Chrm miscast
  4138 | D:4      | XOM: god gift: short sword {god gift}
  4182 | D:5      | Entered Level 5 of the Dungeon
  4187 | D:5      | XOM: mild Erth miscast
  4257 | D:5      | Noticed Grim's ghost (experienced DsMo)
  4260 | D:5      | Your scales start taking on a golden yellow colour.
  4260 | D:5      | Reached XP level 7. HP: 57/57 MP: 7/7
  4295 | D:5      | Found a shadowy altar of Dithmenos.
  4309 | D:5      | XOM: divination: magic mapping
  4311 | D:5      | XOM: cast spell 'Olgreb's Toxic Radiance'
  4314 | D:5      | HP: 14/57 [poisoned by you (toxic radiance)]
  4317 | D:5      | XOM: fog
  4319 | D:5      | HP: 11/57 [poisoned by you (toxic radiance)]
  4325 | D:5      | HP: 9/57 [poisoned by you (toxic radiance)]
  4331 | D:5      | HP: 8/57 [poisoned by you (toxic radiance)]
  4339 | D:5      | HP: 8/57 [poisoned by you (toxic radiance)]
  4347 | D:5      | XOM: divination: magic mapping
  4351 | D:5      | HP: 8/57 [jackal skeleton (1)]
  4360 | D:4      | XOM: colour smoke trail
  4374 | D:4      | XOM: give mutations
  4374 | D:4      | Gained mutation: You are agile. (Dex +2) [Xom's grace]
  4374 | D:4      | Gained mutation: You have a pair of small antennae on your head. [Xom's grace]
  4626 | D:5      | Got a bone war axe
  4627 | D:5      | Identified the +8 war axe of the Foot {speed, rElec rF- Int+10 Dex-3} (You found it on level 5 of the Dungeon)
  4763 | D:5      | XOM: god gift: scroll labeled WASI LIH HABAST
  5171 | D:6      | Found a sand-covered staircase.
  5175 | Ossuary  | Entered an ossuary
  5277 | Ossuary  | Reached skill level 9 in Axes
  5442 | Ossuary  | XOM: enchant monster (good)
  5568 | Ossuary  | Reached XP level 8. HP: 44/63 MP: 8/8
  5571 | Ossuary  | XOM: smoke on damage
  5573 | Ossuary  | Reached skill level 10 in Axes
  5674 | D:6      | XOM: divination: detect creatures
  5686 | D:6      | XOM: divination: detect creatures
  5745 | D:6      | XOM: cast spell 'Dragon Form'
  5832 | D:6      | XOM: 1-stop teleportation journey
  5967 | D:6      | Reached skill level 11 in Axes
  6133 | D:6      | XOM: god gift: embroidered cloak {god gift}
  6421 | D:6      | XOM: medium Pois miscast
  6847 | D:7      | XOM: noise
  7062 | D:7      | Found a sacrificial altar of Ru.
  7088 | D:7      | XOM: silly message
  7091 | D:7      | XOM: enchant monster (good)
  7105 | D:7      | Reached XP level 9. HP: 40/70 MP: 9/9
  7264 | D:7      | Reached skill level 12 in Axes
  7378 | D:7      | Noticed Joseph
  7395 | D:7      | Killed Joseph
  7632 | D:7      | XOM: silly message
  7682 | D:7      | XOM: fog
  7759 | D:7      | Found a staircase to the Ecumenical Temple.
  7866 | D:7      | XOM: colour smoke trail
  7982 | D:7      | XOM: colour smoke trail
  8227 | D:8      | XOM: harmless Divn miscast
  8277 | D:8      | Found a basalt altar of Yredelemnul.
  8581 | D:8      | XOM: medium Ice miscast
  8691 | D:8      | XOM: severe Necr miscast
  8717 | D:8      | XOM: give mutations
  8717 | D:8      | Gained mutation: Your body is misshapen. [Xom's mischief]
  8802 | D:7      | XOM: summons 4 hostile demons
  8803 | D:7      | Noticed an orange demon
  9128 | D:8      | Reached skill level 13 in Axes
  9525 | D:8      | XOM: harmless Tloc miscast
  9640 | D:9      | XOM: potion effect (berserk rage)
  9675 | D:9      | XOM: potion effect (brilliance)
  9761 | D:9      | XOM: harmless Divn miscast
  9780 | D:9      | XOM: divination: detect creatures
  9902 | D:9      | Reached skill level 14 in Axes
  9903 | D:9      | XOM: silly message
 10044 | D:9      | XOM: divination: magic mapping
 10048 | D:9      | Reached XP level 10. HP: 69/78 MP: 10/10
 10051 | D:9      | Noticed Grum
 10057 | D:9      | Reached skill level 4 in Fighting
 10061 | D:9      | Reached skill level 3 in Dodging
 10066 | D:9      | HP: 16/79 [wolf zombie[a shadow imp] (10)]
 10071 | D:8      | HP: 15/79 [poisoned by a water moccasin]
 10077 | D:8      | HP: 13/79 [poisoned by a water moccasin]
 10084 | D:8      | HP: 13/79 [poisoned by a water moccasin]
 10092 | D:8      | HP: 12/79 [poisoned by a water moccasin]
 10400 | D:9      | XOM: potion effect (curing)
 10408 | D:9      | Killed Grum
 10528 | D:9      | Reached skill level 5 in Fighting
 10535 | D:9      | XOM: harmless Tloc miscast
 10542 | D:9      | XOM: cast spell 'Excruciating Wounds'
 10665 | D:9      | Reached skill level 4 in Dodging
 10744 | D:9      | XOM: scenery: create altars
 11061 | D:9      | Found a shimmering altar of Xom.
 11064 | D:9      | Found a burning altar of Makhleb.
 11081 | D:10     | Entered Level 10 of the Dungeon
 11093 | D:10     | Reached skill level 6 in Fighting
 11117 | D:10     | Noticed Josephine
 11126 | D:10     | XOM: summons friendly quasit
 11128 | D:10     | XOM: enchant monster (good)
 11149 | D:9      | XOM: potion effect (might)
 11155 | D:9      | Killed Josephine
 11155 | D:9      | Reached skill level 7 in Fighting
 11155 | D:9      | Reached skill level 5 in Dodging
 11410 | D:10     | XOM: potion effect (berserk rage)
 11415 | D:10     | Found a radiant altar of Vehumet.
 11613 | D:10     | Noticed a sea snake
 11623 | D:10     | Found a staircase to the Lair.
 11624 | D:10     | Noticed an elephant
 11636 | D:10     | Reached skill level 6 in Dodging
 11636 | D:10     | XOM: summons 8 friendly demons
 11651 | D:10     | Killed an elephant
 11764 | D:10     | XOM: divination: magic mapping
 11765 | D:10     | Reached XP level 11. HP: 91/94 MP: 11/11
 11766 | D:10     | XOM: mild Tloc miscast
 11768 | D:10     | Reached skill level 8 in Fighting
 11777 | D:10     | XOM: summons 11 friendly demons
 11903 | D:10     | XOM: scenery: create altars
 11991 | D:10     | XOM: 3-stop teleportation journey
 12133 | D:10     | Killed an unseen horror
 12486 | D:10     | Reached skill level 7 in Dodging
 12647 | D:10     | Noticed a hill giant
 12652 | D:10     | XOM: summons friendly rust devil
 12654 | D:10     | Killed a hill giant
 12654 | D:10     | Reached skill level 9 in Fighting
 12889 | D:10     | XOM: vitrification
 12917 | D:10     | Noticed a wizard
 12922 | D:10     | Killed a wizard
 13130 | D:10     | Noticed a hill giant
 13137 | D:10     | Killed a hill giant
 13253 | D:11     | Noticed a hill giant
 13253 | D:11     | XOM: swap monsters
 13256 | D:11     | Killed a hill giant
 13293 | D:11     | Noticed a hill giant
 13300 | D:11     | Killed a hill giant
 13354 | D:11     | Reached skill level 8 in Dodging
 13390 | D:11     | XOM: cast spell 'Summon Horrible Things'
 13395 | D:11     | Killed an unseen horror
 13395 | D:11     | Reached skill level 10 in Fighting
 13663 | D:11     | XOM: cast spell 'Ice Form'
 13670 | D:11     | Found a runed door.
 13699 | D:11     | XOM: swap monsters
 14065 | D:11     | Found a staircase to the Orcish Mines.
 14094 | D:11     | XOM: fake destruction
 14281 | D:11     | XOM: smoke on damage
 14455 | Orc:1    | Entered Level 1 of the Orcish Mines
 14506 | Orc:1    | XOM: medium Conj miscast
 14522 | Orc:1    | XOM: 1-stop teleportation journey
 14534 | Orc:1    | Reached skill level 9 in Dodging
 14658 | Orc:1    | Noticed Gastronok
 14660 | Orc:1    | XOM: confuse monster(s)
 14675 | Orc:1    | Killed Gastronok
 14675 | Orc:1    | Reached XP level 12. HP: 72/108 MP: 12/12
 14830 | Orc:1    | Noticed Prince Ribbit
 14850 | Orc:1    | Found a roughly hewn altar of Beogh.
 14871 | Orc:1    | Killed Prince Ribbit
 14959 | Orc:1    | Noticed Blork the orc
 14966 | Orc:1    | XOM: polymorph orc warrior -> boggart
 14968 | Orc:1    | Killed Blork the orc
 14988 | Orc:1    | Got a smoking demon blade
 14992 | Orc:1    | Identified the +5 demon blade of the Penguin {vamp, rC- Str-3 Dex+4 Stlth+} (You found it on level 1 of the Orcish Mines)
 15503 | Orc:2    | XOM: colour smoke trail
 15586 | Orc:2    | XOM: harmless Air miscast
 15718 | Orc:2    | XOM: mild Erth miscast
 15740 | Orc:2    | Found Wuif's General Store.
 15748 | Orc:2    | Bought a wand of invisibility (2) for 84 gold pieces
 15748 | Orc:2    | Bought a scroll of identify for 28 gold pieces
 15994 | Orc:3    | Noticed Nessos
 15996 | Orc:3    | XOM: enchant monster (bad)
 16000 | Orc:3    | XOM: smoke on damage
 16003 | Orc:3    | XOM: smoke on damage
 16004 | Orc:3    | HP: 17/108 [something (13)]
 16005 | Orc:3    | HP: 8/108 [poisoned by Nessos]
 16018 | Orc:3    | Killed Nessos
 16018 | Orc:3    | Reached skill level 15 in Axes
 16022 | Orc:3    | XOM: noise
 16201 | Orc:3    | XOM: colour smoke trail
 16831 | Orc:4    | Entered Level 4 of the Orcish Mines
 16926 | Orc:4    | XOM: harmless Hex miscast
 17002 | Orc:4    | XOM: summons 6 hostile demons
 17246 | Orc:4    | Found Laeliapn's Book Shoppe.
 17246 | Orc:4    | Found Ataas' Weapon Shoppe.
 17246 | Orc:4    | Found Yfaolah's Assorted Antiques.
 17246 | Orc:4    | Found Gydacair's Magic Scroll Shoppe.
 17246 | Orc:4    | XOM: 2-stop teleportation journey
 17263 | Orc:4    | XOM: fake destruction
 17266 | Orc:4    | Reached skill level 16 in Axes
 17267 | Orc:4    | HP: 18/108 [soul eater/drain life[an orc high priest] (16)]
 17271 | Orc:4    | Bought a scroll of teleportation for 45 gold pieces
 17274 | Orc:4    | HP: 16/108 [soul eater/drain life[an orc high priest] (12)]
 17279 | Orc:4    | HP: 16/108 [poisoned by an orc warrior]
 17287 | Orc:4    | HP: 16/108 [poisoned by an orc warrior]
 17299 | Orc:4    | XOM: 3-stop teleportation journey
 17452 | Orc:4    | XOM: medium Chrm miscast
 17605 | Orc:4    | XOM: stat loss: -1 Dex (10/11)
 17761 | Orc:4    | Found a white marble altar of Elyvilon.
 17766 | Orc:4    | XOM: noise
 17785 | Orc:4    | Noticed an orc warlord
 17796 | Orc:4    | Killed an orc warlord
 17801 | Orc:4    | HP: 19/108 [orc high priest/divine providence (11)]
 17808 | Orc:4    | XOM: fog
 17815 | Orc:4    | Killed from afar by an orc sorcerer

Action                   |  1- 3 |  4- 6 |  7- 9 | 10-12 || total
-------------------------+-------+-------+-------+-------++-------
Melee: Hand axe          |   109 |   148 |   413 |   249 ||   919
       Unarmed           |       |       |     6 |    24 ||    30
       War axe           |       |       |       |   386 ||   386
Evoke: Wand              |       |       |       |     1 ||     1
  Use: Scroll            |       |     5 |    15 |    12 ||    32
       Potion            |       |     2 |       |     9 ||    11
 Stab: Paralysed         |     2 |     1 |     3 |    11 ||    17
       Confused          |     1 |       |     1 |     2 ||     4
       Sleeping          |       |     2 |     2 |       ||     4
       Petrifying        |       |       |     2 |     7 ||     9
       Petrified         |       |       |       |     7 ||     7
       Invisible         |       |       |       |    23 ||    23
  Eat: Chunk             |       |    10 |    20 |    26 ||    56
       Bread ration      |       |       |       |     1 ||     1

Vault maps used:
D:1:      minmay_arrival_stair_chambers, minmay_misc_feat_encased, st_stairs_9
D:2:      lemuel_coloured_pillars_altar, minmay_misc_feat_square,
          uniq_crazy_yiuf_cottage, uniq_terence
D:3:      grunt_gozag_breadcrumbs, lemuel_doored_altar, supply_closet_lemuel,
          minmay_lizard_king
D:4:      uniq_eustachio
D:5:      lemuel_round_altar, first_bread, minmay_crystal_water
D:6:      lightli_ossuary_entry_decrepit_ruins, kennysheep_generic_room_14
D:7:      nicolae_overflow_crystal_walls, temple_hall, uniq_joseph
D:8:      lemuel_crystal_altar
D:9:      grunt_temple_overflow_champion_of_chaos, special_room, uniq_grum
D:10:     david_lair_generic, serial_aquarium, aquarium_bridge_long_joined,
          aquarium_bridge_straight, aquarium_window_1, aquarium_window_1,
          aquarium_window_fake, aquarium_window_corridor_1, aquarium_view_2d,
          aquarium_view_2e, aquarium_balcony_3a, basic_altar,
          lightli_wizard_tower, uniq_josephine
D:11:     orc_0_dummy, hangedman_tell_no_tales
Orc:1:    basic_altar, sword_in_stone, uniq_prince_ribbit1, uniq_gastronok
Orc:2:    serial_shops, nicolae_shop_trees
Orc:3:    nicolae_orc_pool_cavern, uniq_nessos
Orc:4:    st_orc_pillars, basic_altar
Ossuary:  ossuary_minmay_four_chambers

Table legend:
 A = Turns spent in this place as a percentage of turns spent in the entire game.
 B = Non-inter-level travel turns spent in this place as a percentage of non-inter-level travel turns spent in the entire game.
 C = Inter-level travel turns spent in this place as a percentage of turns spent in this place.
 D = Turns resting spent in this place as a percentage of non-inter-level travel turns spent in this place.
 E = Turns spent auto-exploring this place as a percentage of non-inter-level travel turns spent in this place.
 F = Non-inter-level travel turns spent in this place divided by the number of levels of this place that you've seen.
                   A       B       C       D       E      F
               +-------+-------+-------+-------+-------+----------------------
         Total | 100.0 | 100.0 |   0.4 |   7.5 |   9.2 | 262.9
       Dungeon |  76.4 |  76.5 |   0.4 |   7.8 |   8.9 | 292.5
  Orcish Mines |  20.9 |  20.9 |   0.8 |   6.2 |  10.1 | 219.2
       Ossuary |   2.7 |   2.7 |   0.0 |   8.9 |   8.0 | 112.0
               +-------+-------+-------+-------+-------+----------------------

Table legend:
 A = Kills in this place as a percentage of kills in entire the game.
 B = Kills by you in this place as a percentage of kills by you in the entire game.
 C = Kills by friends in this place as a percentage of kills by friends in the entire game.
 D = Other kills in this place as a percentage of other kills in the entire game.
 E = Experience gained in this place as a percentage of experience gained in the entire game.
 F = Experience gained in this place divided by the number of levels of this place that you have seen.
                   A       B       C       D       E      F
               +-------+-------+-------+-------+-------+----------------------
         Total | 100.0 | 100.0 | 100.0 |  -nan | 100.0 | 2161.9
       Dungeon |  66.2 |  66.6 |  50.0 |  -nan |  56.3 | 1769.5
  Orcish Mines |  30.8 |  30.7 |  33.3 |  -nan |  41.5 | 3585.8
       Ossuary |   3.0 |   2.7 |  16.7 |  -nan |   2.3 | 783.0
               +-------+-------+-------+-------+-------+----------------------
